 Dungeon Crawl Stone Soup version 0.18.1-5-g4a78601 (webtiles) character file.

21367 M4edhros the Covert (level 12, -2/79 HPs)
             Began as an Octopode Necromancer on May 11, 2016.
             Was the Champion of Cheibriados.
             Slain by a fire crab (15 damage)
             ... on level 7 of the Lair of Beasts on May 12, 2016.
             The game lasted 00:45:22 (6792 turns).

M4edhros the Covert (Octopode Necromancer)          Turns: 6792, Time: 00:45:27

Health: -2/79      AC:  4    Str: 27    XL:     12   Next: 89%
Magic:  21/27      EV: 23    Int: 32    God:    Cheibriados [******]
Gold:   688        SH:  2    Dex: 35    Spells: 5 memorised, 3 levels left

rFire  + . .     SeeInvis +       - Unarmed
rCold  x . .     Gourm    .     (no shield)
rNeg   . . .     Faith    +     O - +1 hat {SInv}
rPois  .         Spirit   .     y - amulet of faith
rElec  .         Dismiss  .     k - ring of wizardry
rCorr  .         Reflect  .     r - ring of magical power
SustAt +         Harm     .     l - ring of sustain attributes
MR     +....                    z - ring of fire
Stlth  ++++++++..               L - +3 ring of dexterity
                                u - ring of protection from magic
                                (no ring)
                                (no ring)

@: very slightly contaminated, very slow, somewhat resistant to hostile
enchantments, extraordinarily stealthy
A: almost no armour, amphibious, 8 rings, constrict 8, large bone plates 1,
camouflage 1, deterioration 1, strong 2, gelatinous body 1
a: Bend Time, Temporal Distortion, Slouch, Step From Time, Renounce Religion


You were on level 7 of the Lair of Beasts.
You worshipped Cheibriados.
Cheibriados was exalted by your worship.
You were hungry.

You visited 2 branches of the dungeon, and saw 19 of its levels.

You collected 688 gold pieces.

Inventory:

Hand Weapons
 e - a +9 dagger
 i - a cursed -2 short sword
 n - a +1 short sword of holy wrath
 s - a +1 short sword of venom
Missiles
 p - 4 tomahawks (quivered)
 x - 2 throwing nets
Armour
 N - a +0 shield
 O - a +1 hat of see invisible (worn)
Magical Staves
 D - an uncursed staff of death
Jewellery
 k - a ring of wizardry (left tentacle)
 l - a ring of sustain attributes (on tentacle)
 r - a ring of magical power (right tentacle)
 u - a ring of protection from magic (on tentacle)
 w - an uncursed amulet of magic regeneration
 y - an amulet of faith (around mantle)
 z - a ring of fire (on tentacle)
 L - a +3 ring of dexterity (on tentacle)
Wands
 m - a wand of disintegration (3/24)
 A - a wand of flame (29/48)
 F - a wand of slowing (7/48)
 H - a wand of iceblast (4/15)
Scrolls
 d - a scroll of noise
 q - 2 scrolls of amnesia
 t - 4 scrolls of remove curse
 E - 3 scrolls of immolation
 P - a scroll of recharging
 S - 2 scrolls of identify
Potions
 h - a potion of might
 o - a potion of brilliance
 v - 3 potions of degeneration
 B - a potion of cancellation
 C - a potion of curing
 I - a potion of ambrosia
 M - a potion of cure mutation
 R - a potion of lignification
Books
 a - a book of Necromancy

   Spells                             Type                      Level
   a - Pain                           Necromancy                   1
   b - Animate Skeleton               Necromancy                   1
   c - Vampiric Draining              Necromancy                   3
   d - Regeneration                   Charms/Necromancy            3
   e - Animate Dead                   Necromancy                   4
   f - Control Undead                 Necromancy                   4
 G - a book of Dreams

   Spells                             Type                      Level
   a - Ensorcelled Hibernation        Hexes/Ice                    2
   b - Silence                        Hexes/Air                    5
   c - Darkness                       Hexes                        6
   d - Shadow Creatures               Summoning                    6
 J - a book of Air

   Spells                             Type                      Level
   a - Shock                          Conjuration/Air              1
   b - Swiftness                      Charms/Air                   2
   c - Repel Missiles                 Charms/Air                   2
   d - Static Discharge               Conjuration/Air              3
   e - Lightning Bolt                 Conjuration/Air              5
 K - a book of Transfigurations

   Spells                             Type                      Level
   a - Irradiate                      Conjuration/Transmutation    5
   b - Statue Form                    Transmutation/Earth          6
   c - Hydra Form                     Transmutation                6
   d - Dragon Form                    Transmutation                7
 T - Sif Muna's Compendium of Congealing Attacks
   (You found it on level 6 of the Lair of Beasts)

   Spells                             Type                      Level
   a - Magic Dart                     Conjuration                  1
   b - Freeze                         Ice                          1
   c - Searing Ray                    Conjuration                  2
   d - Ice Form                       Ice/Transmutation            4
   e - Bolt of Draining               Conjuration/Necromancy       5
   f - Ozocubu's Refrigeration        Ice                          6
Comestibles
 b - 8 bread rations
 c - 5 meat rations
 f - 4 fruits
 g - 2 slices of pizza
 j - 4 beef jerkies


   Skills:
 - Level 6.1 Fighting
 - Level 8.2 Dodging
 - Level 13.0 Stealth
 + Level 10.7 Unarmed Combat
 - Level 4.2 Spellcasting
 - Level 4.0 Necromancy
 * Level 7.4 Transmutations
 * Level 7.3 Earth Magic
 - Level 4.8 Invocations


You had 3 spell levels left.
You knew the following spells:

 Your Spells              Type           Power        Failure   Level  Hunger
a - Pain                  Necr           ####         1%          1    None
c - Animate Dead          Necr           N/A          4%          4    ###....
d - Repel Missiles        Chrm/Air       #.....       4%          2    None
e - Statue Form           Trmt/Erth      ######...    22%         6    ######.
r - Regeneration          Chrm/Necr      ###.......   4%          3    #......


Dungeon Overview and Level Annotations

Branches:
Dungeon (12/15)            Temple (0/1) D:5            Lair (7/8) D:8
  Swamp (0/4) Lair:6        Slime (0/6) Lair:6          Orc (0/2) D:12
  Snake: Lair:3-6    Spider: Lair:3-6

Altars:
Ashenzari
Cheibriados
Elyvilon
Makhleb
Pakellas
Ru
Trog
Vehumet
Zin
The Shining One
Beogh

Shops:
D:8 (

Annotations:
D:2 Robin
D:3 ThereIsNoGod's ghost, amateur DsGl
D:12 exclusion: death knight
Lair:3 Rupert
Lair:4 exclusion: 2 oklob plants


Innate Abilities, Weirdness & Mutations

You cannot wear most types of armour.
You are amphibious.
You can wear up to eight rings at the same time.
You can use your tentacles to constrict eight enemies at once.
Your skin changes colour to match your surroundings (Stealth).
Your rubbery body absorbs attacks (AC +1).
You are partially covered in large bone plates (AC +2, SH +2).
Your body sometimes deteriorates upon taking damage.
Your muscles are very strong. (Str +4)


Message History

The fire crab misses you.
Evoke which item? (* to show all) (? for menu, Esc to quit)
Okay, then.
Casting: Regeneration
Confirm with . or Enter, or press ? or * to list all spells.
Okay, then.
Casting: Regeneration
Confirm with . or Enter, or press ? or * to list all spells.
You miscast Statue Form.
You are very lightly contaminated with residual magic.
Your body is twisted painfully.
You are feeling hungry.
You are engulfed in roaring flames.
You resist.
* * * LOW HITPOINT WARNING * * *
You constrict the fire crab. The fire crab bites you.
* * * LOW HITPOINT WARNING * * *
You are engulfed in flames.
You resist.
* * * LOW HITPOINT WARNING * * *
The fire crab claws you!
You die...

♣...
♣..######
♣..#⌠...#
♣..'....#
♣..'..<.#
♣..'....#
♣..#⌠...#
♣..######..♣
♣....@.....♣
♣.....t....♣
♣♣♣♣♣...♣♣♣♣
♣...♣ ....♣
......
...#...
....##..


You could see a fire crab.

Vanquished Creatures
  Gastronok (Lair:1)
  A hydra (Lair:3)
  3 death yaks (Lair:5)
  An ugly thing (D:11)
  5 elephants (Lair:6)
  A black mamba (Lair:6)
  Psyche (D:8)
  3 spiny frogs
  A torpor snail (Lair:4)
  2 komodo dragons (Lair:2)
  A freezing wraith (D:11)
  A shadow (D:11)
  2 wraiths
  24 yaks
  3 basilisks
  Grum (D:10)
  7 hippogriffs
  A swamp worm (Lair:6)
  6 water moccasins
  5 porcupines
  3 ice beasts
  2 sky beasts
  4 orc warriors
  3 ogres
  A black bear (Lair:4)
  6 centaurs
  2 wolves
  5 crocodiles
  10 giant frogs
  A wyvern zombie (D:9)
  A water moccasin zombie (D:6)
  2 scorpions
  A spriggan skeleton (D:10)
  3 killer bees (D:7)
  4 wights (D:6)
  A troll skeleton (D:10)
  2 centaur zombies (D:11)
  A giant frog zombie (D:11)
  4 orc priests
  6 hounds
  A jelly (D:11)
  A giant frog skeleton (D:8)
  3 centaur skeletons (D:10)
  8 orc wizards
  8 iguanas
  4 worker ants
  3 sheep (Lair:4)
  6 gnolls
  5 adders
  34 river rats
  A shadow imp (D:9)
  An adder skeleton (D:9)
  3 worms
  A dart slug (D:4)
  5 giant geckos
  39 orcs
  4 bats
  3 giant cockroaches
  3 hobgoblins
  8 jackals
  3 quokkas
  A giant gecko skeleton (D:4)
  5 giant newts
  5 goblins
  8 kobolds
  A quokka zombie (D:9)
  7 rats
303 creatures vanquished.

Vanquished Creatures (collateral kills)
  A cyclops (D:9)
  An elephant (Lair:6)
  A black mamba (Lair:3)
  5 yaks
  A hungry ghost (D:11)
  A swamp worm (Lair:6)
  2 ogres (D:9)
  2 centaurs
  A killer bee (D:7)
  A wight (D:6)
  An orc priest (D:8)
  An iguana (D:11)
  A worker ant (D:5)
  2 sheep (Lair:4)
  2 gnolls
  An adder (D:9)
  8 river rats
  9 orcs
  A jackal (D:11)
  A quokka skeleton (D:4)
  A plant (Lair:2)
44 creatures vanquished.

Vanquished Creatures (others)
  A fungus (Lair:3)
1 creature vanquished.

Grand Total: 348 creatures vanquished

Notes
Turn   | Place    | Note
--------------------------------------------------------------
     0 | D:1      | M4edhros the Octopode Necromancer began the quest for the Orb.
     0 | D:1      | Reached XP level 1. HP: 11/11 MP: 3/3
    61 | D:1      | Reached skill level 1 in Unarmed Combat
   156 | D:1      | Reached skill level 3 in Stealth
   156 | D:1      | Reached XP level 2. HP: 11/17 MP: 5/5
   170 | D:1      | Learned a level 1 spell: Animate Skeleton
   341 | D:2      | Found a radiant altar of Vehumet.
   343 | D:2      | Found a bloodstained altar of Trog.
   481 | D:1      | Reached XP level 3. HP: 12/21 MP: 6/6
   495 | D:1      | Learned a level 3 spell: Regeneration
   547 | D:2      | Reached skill level 4 in Stealth
   575 | D:2      | Noticed Robin
   733 | D:3      | Reached XP level 4. HP: 12/27 MP: 3/7
   799 | D:3      | Reached skill level 5 in Stealth
   848 | D:3      | Found a faded altar to an unknown god.
   943 | D:3      | Reached XP level 5. HP: 14/31 MP: 3/8
  1035 | D:3      | Noticed ThereIsNoGod's ghost (amateur DsGl)
  1040 | D:3      | Reached skill level 6 in Stealth
  1420 | D:4      | Noticed an ogre
  1429 | D:4      | Killed an ogre
  1429 | D:4      | Reached skill level 7 in Stealth
  1429 | D:4      | Reached XP level 6. HP: 36/36 MP: 9/9
  1483 | D:4      | Found a snail-covered altar of Cheibriados.
  1491 | D:4      | Became a worshipper of Cheibriados the Contemplative
  1818 | D:5      | Entered Level 5 of the Dungeon
  1969 | D:5      | Noticed an ice beast
  1972 | D:5      | Reached skill level 8 in Stealth
  1972 | D:5      | Reached XP level 7. HP: 34/41 MP: 10/10
  1992 | D:5      | Reached * piety under Cheibriados
  2017 | D:5      | Found a staircase to the Ecumenical Temple.
  2064 | D:6      | Found a burning altar of Makhleb.
  2067 | D:6      | Found an oddly glowing altar of Pakellas.
  2067 | D:6      | Found a shattered altar of Ashenzari.
  2067 | D:6      | Found a sacrificial altar of Ru.
  2077 | D:6      | Reached skill level 9 in Stealth
  2401 | D:6      | Reached XP level 8. HP: 46/46 MP: 11/11
  2497 | D:6      | Found a runed door.
  2566 | D:6      | Reached skill level 10 in Stealth
  2569 | D:6      | Reached ** piety under Cheibriados
  2603 | D:6      | Learned a level 4 spell: Animate Dead
  2616 | D:6      | Found a roughly hewn altar of Beogh.
  2691 | D:6      | Reached skill level 5 in Dodging
  2700 | D:6      | Reached skill level 5 in Unarmed Combat
  2779 | D:7      | Reached skill level 1 in Fighting
  2779 | D:7      | Reached skill level 11 in Stealth
  2981 | D:8      | Noticed Psyche
  2987 | D:8      | Killed Psyche
  2987 | D:8      | Reached XP level 9. HP: 33/54 MP: 12/12
  3030 | D:8      | Found a white marble altar of Elyvilon.
  3030 | D:8      | Found a glowing golden altar of the Shining One.
  3030 | D:8      | Found a glowing silver altar of Zin.
  3161 | D:9      | Reached skill level 12 in Stealth
  3245 | D:9      | Noticed a cyclops
  3259 | D:9      | Killed a cyclops
  3351 | D:9      | Reached *** piety under Cheibriados
  3511 | D:9      | Reached skill level 13 in Stealth
  3518 | D:9      | Reached XP level 10. HP: 54/63 MP: 13/13
  3523 | D:9      | Reached skill level 1 in Invocations
  3657 | D:10     | Entered Level 10 of the Dungeon
  3657 | D:10     | Noticed Grum
  3685 | D:10     | Killed Grum
  3732 | D:10     | Reached **** piety under Cheibriados
  4160 | D:11     | Reached skill level 5 in Fighting
  4174 | D:11     | Reached ***** piety under Cheibriados
  4251 | D:11     | Learned a level 2 spell: Repel Missiles
  4354 | D:11     | Reached XP level 11. HP: 47/72 MP: 9/14
  4462 | D:11     | Noticed a red ugly thing
  4472 | D:11     | Killed a red ugly thing
  4736 | D:12     | Found a staircase to the Orcish Mines.
  4736 | D:12     | Noticed a skeletal warrior
  4737 | D:12     | Noticed a death knight
  4737 | D:12     | Noticed a skeletal warrior
  5205 | D:8      | Found Tobrauro's Weapon Shop.
  5266 | D:8      | Gained mutation: Your muscles are strong. (Str +2) [mutagenic meat]
  5267 | D:8      | Gained mutation: You are partially covered in large bone plates (AC +2, SH +2). [mutagenic meat]
  5281 | D:8      | Found a staircase to the Lair.
  5291 | D:8      | Learned a level 6 spell: Statue Form
  5399 | Lair:1   | Entered Level 1 of the Lair of Beasts
  5404 | Lair:1   | Reached ****** piety under Cheibriados
  5457 | Lair:1   | Reached skill level 1 in Transmutations
  5511 | Lair:1   | Reached skill level 1 in Earth Magic
  5597 | Lair:1   | Noticed Gastronok
  5618 | Lair:1   | Killed Gastronok
  5764 | Lair:2   | Reached XP level 12. HP: 70/79 MP: 18/18
  5938 | Lair:2   | Reached skill level 10 in Unarmed Combat
  6015 | Lair:3   | Noticed a seven-headed hydra
  6016 | Lair:3   | Noticed Rupert
  6208 | Lair:3   | Gained mutation: Your body sometimes deteriorates upon taking damage. [potion of mutation]
  6208 | Lair:3   | Gained mutation: Your muscles are very strong. (Str +4) [potion of mutation]
  6268 | Lair:3   | Reached skill level 5 in Transmutations
  6288 | Lair:3   | Reached skill level 5 in Earth Magic
  6292 | Lair:3   | Killed a seven-headed hydra
  6544 | Lair:5   | Noticed a death yak
  6551 | Lair:5   | Noticed a death yak
  6552 | Lair:5   | Noticed a death yak
  6557 | Lair:5   | Killed a death yak
  6561 | Lair:5   | Killed a death yak
  6564 | Lair:5   | Killed a death yak
  6609 | Lair:6   | Identified Sif Muna's Compendium of Congealing Attacks (You found it on level 6 of the Lair of Beasts)
  6792 | Lair:7   | Slain by a fire crab

Skill      XL: |  1  2  3  4  5  6  7  8  9 10 11 12 |
---------------+-------------------------------------+-----
Unarmed Combat | 1 2 3 4 5 6 8 9 10 | 10.7
Stealth        | 3 4 5 7 8 9 11 13 | 13.0
Dodging        | 3 4 5 6 7 8 |  8.2
Fighting       | 2 3 5 6 |  6.1
Invocations    | 3 4 |  4.8
Spellcasting   | 4 |  4.2
Transmutations | 4 7 |  7.4
Earth Magic    | 3 7 |  7.3
Necromancy     | |  4.0

Action                   |  1- 3 |  4- 6 |  7- 9 | 10-12 || total
-------------------------+-------+-------+-------+-------++-------
Melee: Dagger            |    60 |   103 |   112 |   200 ||   475
       Constrict         |    11 |    25 |    25 |    56 ||   117
       Tentacles         |     9 |    20 |    17 |   175 ||   221
       Unarmed           |     2 |       |    35 |   246 ||   283
       Punch             |       |     2 |     5 |    57 ||    64
Throw: Tomahawk          |       |       |       |     3 ||     3
 Cast: Pain              |     7 |       |       |       ||     7
       Animate Skeleton  |     6 |    11 |    15 |     6 ||    38
       Regeneration      |     4 |    21 |    37 |    50 ||   112
       Animate Dead      |       |       |     3 |    38 ||    41
       Repel Missiles    |       |       |       |     1 ||     1
       Statue Form       |       |       |       |     3 ||     3
Invok: Bend Time         |       |       |     1 |       ||     1
       Slouch            |       |       |       |     4 ||     4
       Temporal Distorti |       |       |       |     1 ||     1
Evoke: Wand              |       |     3 |     5 |    16 ||    24
  Use: Scroll            |     2 |     4 |     7 |    18 ||    31
       Potion            |       |     3 |     9 |     7 ||    19
 Stab: Sleeping          |     6 |     3 |    23 |    40 ||    72
       Distracted        |       |       |     1 |     4 ||     5
       Invisible         |       |       |     1 |       ||     1
  Eat: Chunk             |       |     9 |     6 |    10 ||    25
       Royal jelly       |       |       |     1 |     1 ||     2
       Meat ration       |       |       |       |     2 ||     2
Armor: Skin              |     6 |     2 |    23 |    49 ||    80
Dodge: Dodged            |    29 |    58 |    70 |   425 ||   582
       Deflected         |       |       |       |     1 ||     1
Block: Other             |       |       |       |     8 ||     8
